 Dungeon Crawl Stone Soup version 0.27.1-1-g398f81649c (webtiles) character file.

Game seed: 4291972868972790424

7653 speeev33 the Cleaver (level 11, -6/101 HPs)
             Began as a Hill Orc Fighter on Sept 11, 2021.
             Was a High Priest of Okawaru.
             Killed by vampiric draining
             ... invoked by a vampire
              (15 damage)
             ... on level 10 of the Dungeon.
             The game lasted 00:14:21 (10836 turns).

speeev33 the Cleaver (Hill Orc Fighter)            Turns: 10836, Time: 00:14:22

Health: -6/101     AC: 19    Str: 23    XL:     11   Next: 18%
Magic:  11/11      EV:  6    Int:  8    God:    Okawaru [*****.]
Gold:   382        SH: 13    Dex: 10    Spells: 10/10 levels left

rFire    . . .     SeeInvis .   a - +1 war axe (venom)
rCold    . . .     Faith    .   c - +1 kite shield
rNeg     . . .     Spirit   .   y - +0 plate armour
rPois    .         Reflect  .   x - +0 helmet
rElec    .         Harm     .   (no cloak)
rCorr    .         Rampage  .   (no gloves)
Will     .....                  w - +2 pair of boots
Stlth    ..........             l - amulet of the acrobat
HPRegen  0.26/turn              (no ring)
MPRegen  0.12/turn              (no ring)

@: no status effects
A: no striking features
a: Renounce Religion, Heroism, Finesse


You were on level 10 of the Dungeon.
You worshipped Okawaru.
Okawaru was extremely pleased with you.
You visited 2 branches of the dungeon, and saw 11 of its levels.

You collected 382 gold pieces.

Inventory:

Hand Weapons
 a - a +1 war axe of venom (weapon)
 e - a +0 flail
Missiles
 h - 10 javelins (quivered)
 i - 3 atropa-tipped darts
Armour
 c - a +1 kite shield (worn)
 g - a +1 ring mail of cold resistance
 w - a +2 pair of boots (worn)
 x - a +0 helmet (worn)
 y - a +0 plate armour (worn)
Jewellery
 l - an amulet of the acrobat (around neck)
Wands
 n - a wand of acid (2)
 p - a wand of charming (2)
 v - a wand of iceblast (4)
Scrolls
 d - 2 scrolls of teleportation
 k - 4 scrolls of magic mapping
Potions
 b - 4 potions of flight
 f - a potion of magic
 j - a potion of resistance {unknown}
 m - 3 potions of lignification {unknown}
 o - 2 potions of degeneration {unknown}
 q - 2 potions of brilliance
 r - a potion of curing
 s - a potion of mutation {unknown}
 t - a potion of might
 u - 2 potions of ambrosia {unknown}


   Skills:
 + Level 10.7 Fighting
 + Level 11.2 Axes
 + Level 9.9 Armour
 + Level 9.9 Shields


You had 10 spell levels left.
You didn't know any spells.
Your spell library contained the following spells:

 Spells                   Type           Power      Damage    Failure   Level
 Freeze                   Ice            0%         1d3       100%        1
 Sandblast                Erth           0%         2d4       100%        1
 Summon Small Mammal      Summ           0%         N/A       100%        1
 Blink                    Tloc           N/A        N/A       100%        2
 Call Imp                 Summ           0%         N/A       100%        2
 Call Canine Familiar     Summ           0%         N/A       100%        3
 Dazzling Flash           Conj/Hex       0%         N/A       100%        3
 Frozen Ramparts          Ice            0%         1d2       100%        3
 Lesser Beckoning         Tloc           0%         N/A       100%        3
 Summon Guardian Golem    Hex/Summ       0%         N/A       100%        3
 Hailstorm                Conj/Ice       0%         3d3       100%        4
 Iskenderun's Mystic Bla  Conj/Tloc      0%         2d3       100%        4
 Passage of Golubria      Tloc           N/A        N/A       100%        4
 Summon Lightning Spire   Summ/Air       0%         N/A       100%        4
 Manifold Assault         Tloc           0%         N/A       100%        5
 Silence                  Hex/Air        0%         N/A       100%        5
 Starburst                Conj/Fire      0%         6d3       100%        6
 Storm Form               Tmut/Air       0%         N/A       100%        7
 Summon Hydra             Summ           0%         N/A       100%        7
 Lehudib's Crystal Spear  Conj/Erth      0%         10d2      100%        8
 Maxwell's Capacitive Co  Air            0%         ∞         100%        8
 Shatter                  Erth           0%         3d5*      100%        9


Dungeon Overview and Level Annotations

Branches:
Dungeon (10/15)            Temple (1/1) D:4            Lair (0/6) D:8
    Orc: D:9-12

Altars:
Ashenzari
Elyvilon
Gozag
Hepliaklqana
Kikubaaqudgha
Makhleb
Nemelex Xobeh
Okawaru
Qazlal
Ru
Sif Muna
Trog
Uskayaw
Vehumet
Wu Jian
Xom
Yredelemnul
Zin
The Shining One
Beogh

Shops:
D:4 (   D:7 *   D:8 :


Message History

You miss something. Something hits you! Something bites you but does no damage.
You closely miss something. Something hits you but does no damage.
Something bites you but does no damage.
You slash something! Something hits you!
* * * LOW HITPOINT WARNING * * *
Something bites you but does no damage.
You closely miss something. Something hits you.
* * * LOW HITPOINT WARNING * * *
Something completely misses you. Something hits you but does no damage.
Something bites you.
* * * LOW HITPOINT WARNING * * *
Something draws strength from your injuries!
You closely miss something. Something hits you but does no damage.
Something bites you!
* * * LOW HITPOINT WARNING * * *
Something draws strength from your injuries!
You feel better. Something hits you but does no damage.
Something bites you but does no damage.
You hit something. Something hits you but does no damage.
Something bites you but does no damage.
You hit something.
A vampire appears from thin air!
Reactivating autopickup.
The vampire draws life force from you!
* * * LOW HITPOINT WARNING * * *
The vampire is healed by the life force!
You slash the vampire!
The vampire is almost destroyed.
The vampire barely misses you. You block the vampire's attack.
You closely miss the vampire.
The vampire is almost destroyed.
The vampire hits you!
* * * LOW HITPOINT WARNING * * *
You block the vampire's attack.
You feel better.
The vampire hits you but does no damage.
You block the vampire's attack.
You hit the vampire but do no damage.
The vampire is almost destroyed.
The vampire draws life force from you!
You die...

..###.### .##
......#.. ..
......#.#### ..#
......#.#.. ..#
......#.#.#
#####..###
......#.#.##
#........+
####.......#
#.#....### .
#.##.#..###.#.##.#
. #. #.#..#...#@#
# . #.
#.#......#V# . #.
#........#.# . #.
####.###.#.# . #.
#.. ..... . ## ###
#.##.. .<. ...
#..# .... #. ...##


You could see a vampire.

Vanquished Creatures
  2 two-headed ogres
  Pikel (D:5)
  A centaur zombie (D:10)
  Joseph (D:9)
  2 hornets
  Prince Ribbit (D:7)
  Grinder (D:4)
  Sigmund (D:3)
  9 yaks (D:9)
  A wraith (D:10)
  Edmund (D:5)
  2 acid dragons
  A water moccasin (D:9)
  An orc warrior (D:9)
  A black bear (D:7)
  2 ice beasts
  3 centaurs (D:9)
  2 phantoms (D:6)
  A kobold brigand (D:9)
  3 bullfrogs (D:7)
  2 gnoll sergeants
  3 scorpions
  A wyvern skeleton (D:6)
  3 howler monkeys (D:9)
  A crimson imp (D:8)
  3 bullfrog zombies
  A jelly (D:6)
  2 hounds
  A gnoll shaman (D:7)
  4 iguanas
  Jessica (D:3)
  6 orc wizards
  2 scorpion zombies (D:5)
  3 killer bee zombies
  A hound zombie (D:5)
  2 hound skeletons (D:4)
  A howler monkey skeleton (D:7)
  13 gnolls
  5 adders
  2 shadow imps
  2 white imps (D:6)
  3 worms
  2 adder skeletons (D:4)
  3 dart slugs
  6 orcs
  6 ball pythons
  4 endoplasms
  A giant cockroach (D:1)
  8 goblins
  9 hobgoblins
  7 jackals
  A quokka (D:1)
  4 bats
  5 frilled lizards
  13 kobolds
  2 rats
170 creatures vanquished.

Notes
Turn   | Place    | Note
-------+----------+-------------------------------------------
     0 | D:1      | speeev33 the Hill Orc Fighter began the quest for the Orb.
     0 | D:1      | Reached XP level 1. HP: 19/19 MP: 1/1
   224 | D:1      | Reached skill level 3 in Axes
   224 | D:1      | Reached XP level 2. HP: 24/27 MP: 2/2
   825 | D:1      | You fall into a shaft and drop 1 floor!
   846 | D:2      | Reached XP level 3. HP: 33/33 MP: 3/3
  1471 | D:2      | Reached XP level 4. HP: 32/40 MP: 4/4
  2706 | D:3      | Found a roughly hewn altar of Beogh.
  2720 | D:3      | Found a faded altar of an unknown god.
  2760 | D:3      | Reached skill level 4 in Axes
  2760 | D:3      | Reached XP level 5. HP: 47/47 MP: 5/5
  2785 | D:3      | Noticed Sigmund
  2808 | D:3      | Killed Sigmund
  2809 | D:3      | Reached skill level 5 in Fighting
  2809 | D:3      | Reached XP level 6. HP: 56/56 MP: 6/6
  3264 | D:3      | Noticed Jessica
  3269 | D:3      | Killed Jessica
  3403 | D:4      | Noticed Grinder
  3486 | D:4      | Found Lisa's Antique Weapon Boutique.
  3512 | D:4      | Reached skill level 5 in Axes
  3640 | D:4      | Found a sacrificial altar of Ru.
  3645 | D:4      | Found a sparkling altar of Nemelex Xobeh.
  3645 | D:4      | Found a hazy altar of Hepliaklqana.
  3669 | D:4      | Reached skill level 5 in Shields
  3675 | D:4      | Paralysed by Grinder for 6 turns
  3687 | D:4      | Paralysed by Grinder for 4 turns
  3693 | D:4      | Killed Grinder
  3694 | D:4      | Reached skill level 5 in Armour
  3694 | D:4      | Reached XP level 7. HP: 18/62 MP: 7/7
  3959 | D:4      | Found a staircase to the Ecumenical Temple.
  3993 | Temple   | Entered the Ecumenical Temple
  4098 | Temple   | Became a worshipper of Warmaster Okawaru
  4245 | D:5      | Entered Level 5 of the Dungeon
  4429 | D:5      | Got the Tome of the Earthen Escort
  4523 | D:5      | Reached skill level 6 in Axes
  4640 | D:5      | Reached XP level 8. HP: 44/71 MP: 8/8
  4848 | D:5      | Noticed Pikel
  4868 | D:5      | Killed Pikel
  4868 | D:5      | Reached * piety under Okawaru
  4869 | D:5      | Reached skill level 7 in Axes
  5014 | D:5      | Noticed Edmund
  5024 | D:5      | Killed Edmund
  5482 | D:6      | Reached XP level 9. HP: 78/79 MP: 9/9
  5933 | D:6      | Reached ** piety under Okawaru
  5934 | D:6      | Reached skill level 8 in Axes
  6590 | D:7      | Noticed Prince Ribbit
  6628 | D:7      | Killed Prince Ribbit
  7030 | D:7      | Found a stormy altar of Qazlal.
  7252 | D:7      | Found Xuorojec's Assorted Antiques.
  7797 | D:8      | Found a staircase to the Lair.
  7936 | D:8      | Reached skill level 9 in Axes
  8224 | D:8      | Found a burning altar of Makhleb.
  8301 | D:8      | Found Tocorr's Book Boutique.
  8337 | D:8      | Noticed a hornet
  8342 | D:8      | Paralysed by a hornet for 2 turns
  8346 | D:8      | Killed a hornet
  8346 | D:8      | Reached *** piety under Okawaru
  8542 | D:8      | Noticed a two-headed ogre
  8553 | D:8      | Killed a two-headed ogre
  8553 | D:8      | Reached **** piety under Okawaru
  8554 | D:8      | Reached XP level 10. HP: 36/91 MP: 10/10
  9204 | D:9      | Received a gift from Okawaru
  9346 | D:9      | Reached skill level 10 in Axes
  9712 | D:9      | Noticed Joseph
  9744 | D:9      | Killed Joseph
  9745 | D:9      | Reached skill level 10 in Fighting
 10467 | D:9      | Reached ***** piety under Okawaru
 10662 | D:10     | Entered Level 10 of the Dungeon
 10662 | D:10     | Noticed a two-headed ogre
 10668 | D:10     | Killed a two-headed ogre
 10669 | D:10     | Reached skill level 11 in Axes
 10669 | D:10     | Reached XP level 11. HP: 101/101 MP: 11/11
 10834 | D:10     | HP: 2/101 [vampire (10)]
 10836 | D:10     | Killed from afar by a vampire

Illustrated notes

Levels and vault maps discovered:
D:1:      lightli_arrival_quake, layout_loops_corners
D:2:      layout_loops_corners, wander_ebering_terrifying_dragon_lair
D:3:      layout_loops_ring, hellmonk_ecumenical_altar_defaced_shrine,
          serial_bayou_ford_a, uniq_jessica, uniq_sigmund
D:4:      layout_basic, grunt_temple_overflow_open, minmay_temple_entry_glass,
          serial_shops, nicolae_square_shop, uniq_grinder
D:5:      layout_basic, uniq_edmund, uniq_pikel
D:6:      layout_gridville
D:7:      kennysheep_spiral_hall, layout_loops_ring,
          nicolae_qazlal_eye_of_the_storm, serial_shops, shop,
          serial_bayou_lagoon_a, uniq_prince_ribbit1
D:8:      layout_loops_cross, makhleb_grotto_becter, dpeg_oklobed_lair,
          serial_shops, nicolae_diamond_shop, serial_glass, glass_columns_a,
          glass_columns_b
D:9:      layout_roguey, uniq_joseph
D:10:     layout_basic, hellmonk_ghost_happy_afterlife
Temple:   minmay_crystal_spiral_temple

Skill      XL: |  1  2  3  4  5  6  7  8  9 10 |
---------------+-------------------------------+-----
Axes           | 3 4 5 6 7 9 11 | 11.2
Fighting       | 4 5 6 7 9 10 | 10.7
Shields        | 4 5 6 8 9 |  9.9
Armour         | 4 5 6 8 9 |  9.9

Action                   |  1- 3 |  4- 6 |  7- 9 | 10-12 || total
-------------------------+-------+-------+-------+-------++-------
Melee: War axe           |    86 |   138 |   309 |   159 ||   692
Throw: Javelin           |       |     2 |       |       ||     2
Invok: Heroism           |       |       |       |     1 ||     1
Evoke: Wand              |       |       |     4 |     2 ||     6
  Use: Scroll            |       |     7 |     4 |     5 ||    16
       Potion            |       |     1 |       |     2 ||     3
Armor: Scale mail        |     8 |       |       |       ||     8
       Ring mail         |    15 |    51 |   120 |    32 ||   218
       Plate armour      |       |       |       |    58 ||    58
Dodge: Dodged            |    25 |    50 |    96 |    50 ||   221
Block: Kite shield       |    39 |    79 |   183 |   101 ||   402
